 Dungeon Crawl Stone Soup version 0.30-a0-394-g3e4acdb0ae (webtiles) character file.

Game seed: 1817499001760669100

140 p00ps00p the Trooper (level 5, -3/47 HPs)
             Began as a Hill Orc Fighter on Dec 6, 2022.
             Killed from afar by a kobold (17 damage)
             ... with a bolt of light
             ... on level 4 of the Dungeon.
             The game lasted 00:03:39 (2093 turns).

p00ps00p the Trooper (Hill Orc Fighter)             Turns: 2093, Time: 00:03:39

Health: -3/47      AC: 13    Str: 21    XL:     5   Next: 23%
Magic:  5/5        EV:  5    Int:  8    God:
Gold:   117        SH:  0    Dex: 10    Spells: 4/4 levels left

rFire   . . .      SeeInvis .    h - +0 broad axe
rCold   + . .      Faith    .    c - +0 buckler
rNeg    . . .      Spirit   .    i - +0 plate armour
rPois   +          Reflect  .    (no helmet)
rElec   .          Harm     .    f - +0 cloak
rCorr   .          Rampage  .    (no gloves)
Will    .....                    (no boots)
Stlth   ..........               (no amulet)
HPRegen 0.27/turn                e - ring of protection from cold
MPRegen 0.09/turn                b - ring of poison resistance

@: confused
A: no striking features
a: no special abilities


You were on level 4 of the Dungeon.
You visited 1 branch of the dungeon, and saw 4 of its levels.

You collected 117 gold pieces.

Inventory:

Hand Weapons
 a - a +1 war axe
 h - a +0 broad axe (weapon)
Armour
 c - a +0 buckler (worn)
 f - a +0 cloak (worn)
 i - a +0 plate armour (worn)
Jewellery
 b - a ring of poison resistance (right hand)
 e - a ring of protection from cold (left hand)
 l - a ring of flight
Potions
 d - a potion of might
 g - a potion of invisibility {unknown}
 j - a potion of resistance {unknown}
 k - a potion of heal wounds {unknown}
 m - 5 potions of haste


   Skills:
 + Level 4.6 Fighting
 + Level 4.1 Axes
 + Level 4.3 Armour
 + Level 4.2 Shields


You had 4 spell levels left.
You didn't know any spells.
Your spell library was empty.

Dungeon Overview and Level Annotations

Branches:
Dungeon (4/15)
 Temple: D:4-7

Altars:

Shops:
D:1 [

Annotations:
D:3 2 transporters
D:4 1 runed translucent door


Message History

You are too confused!
You are too confused!
You are too confused!
You are too confused!
You are too confused!
You are too confused!
You are too confused!
You are too confused!
You are too confused!
You are too confused!
You are too confused!
You are too confused!
You are too confused!
You are too confused!
You are too confused!
You are too confused!
You are too confused!
You are too confused!
You are too confused!
You are too confused!
You are too confused!
You are too confused!
You are too confused!
You are too confused!
You are too confused!
You are too confused!
You are too confused!
You are too confused!
You are too confused!
You are too confused!
You are too confused!
You barely miss the kobold.
The kobold zaps a wand.
The bolt of light hits you!!
You are more confused.
The kobold zaps a wand.
The bolt of light hits you.
You are more confused.
* * * LOW HITPOINT WARNING * * *
You bump into the rock wall.
The kobold zaps a wand.
The bolt of light hits you!
You die...

******************************,**
*,,,,,,,,,,,,,** *,*,*********,**
*,*,,,,,,,,,,,** *,*,,********,**
*,*,.#*,,,****** *,#..##,***,,,,,
###########.<....,* *,****
#........@K......,* *,*,,,
#.#####.#####.#+#,***,,,*, #.#
###.# ***~#,,,*****, #.# #...#
**~***,,,,,,, #.# #.#.# *~*
******** ######.# #.#.#
*~****,,,,** ###......###.#.#
*,**,,,*,,,,
#.....>>.....#.#******~*,,,,,,***
#.#.##########..,,,,,***,,,,,,***


You could see a kobold.

Vanquished Creatures
  A hound (D:4)
  An iguana (D:4)
  A gnoll (D:4)
  2 worms
  A dart slug (D:2)
  2 orcs (D:4)
  6 ball pythons
  4 endoplasms
  2 giant cockroaches
  4 goblins
  3 hobgoblins
  17 jackals
  A quokka (D:2)
  3 bats (D:3)
  4 frilled lizards
  4 kobolds
  4 rats
60 creatures vanquished.

Vanquished Creatures (others)
  2 fungi (D:4)
  7 plants
9 creatures vanquished.

Grand Total: 69 creatures vanquished

Notes
Turn   | Place    | Note
-------+----------+-------------------------------------------
     0 | D:1      | p00ps00p the Hill Orc Fighter began the quest for the Orb.
     0 | D:1      | Reached XP level 1. HP: 19/19 MP: 1/1
   246 | D:1      | Found Tahehau's Antique Armour Boutique.
   345 | D:1      | Reached XP level 2. HP: 27/27 MP: 2/2
  1022 | D:2      | Reached XP level 3. HP: 33/33 MP: 3/3
  1308 | D:3      | Found a faded altar of an unknown god.
  1443 | D:3      | Found a transporter.
  1449 | D:3      | Found a transporter.
  1764 | D:4      | Reached XP level 4. HP: 36/40 MP: 4/4
  2056 | D:4      | Reached XP level 5. HP: 40/47 MP: 5/5
  2086 | D:4      | Found a runed translucent door.
  2093 | D:4      | Killed from afar by a kobold

Illustrated notes

Levels and vault maps discovered:
D:1:      sevenhm_arrival_forest_fort_small_4, layout_loops_corners,
          serial_shops, shop_statue
D:2:      layout_rooms
D:3:      layout_basic, gammafunk_ghost_gnarly_gnolls,
          ebering_ecumenical_altar_box, dreamdust_princess_bridge
D:4:      lemuel_castle_with_subvaults [lemuel_castle_interior_original],
          layout_loops_ring, ebering_ghost_sewer_d, patterned_corridor

Skill      XL: |  1  2  3  4 |
---------------+-------------+-----
Axes           | 3 4 |  4.1
Fighting       | 4 |  4.6
Armour         | 4 |  4.3
Shields        | 4 |  4.2

Action                   |  1- 3 |  4- 6 || total
-------------------------+-------+-------++-------
Melee: War axe           |    72 |       ||    72
       Broad axe         |    24 |    74 ||    98
  Use: Scroll            |     9 |       ||     9
Armor: Scale mail        |    10 |       ||    10
       Plate armour      |    74 |    72 ||   146
Dodge: Dodged            |    27 |    25 ||    52
Block: Buckler           |    18 |    31 ||    49

Table legend: (Time is in decaauts)
 A = Elapsed time spent in this place.
 B = Non-inter-level travel time spent in this place.
 C = Inter-level travel time spent in this place.
 D = Time resting spent in this place.
 E = Time spent auto-exploring this place.
 F = Levels seen in this place.
 G = Mean time per level.
                   A        B        C        D        E       F      G
               +--------+--------+--------+--------+--------+-----+--------+
         Total |   2163 |   2109 |     54 |     13 |   1591 |   4 |  540.8 |
       Dungeon |   2163 |   2109 |     54 |     13 |   1591 |   4 |  540.8 |
               +--------+--------+--------+--------+--------+-----+--------+

Top non-repeatable levels by time:
     D:1: 829 daAuts
     D:2: 492 daAuts
     D:3: 464 daAuts
     D:4: 377 daAuts
